 Dungeon Crawl Stone Soup version 0.31.0-11-ge490571c62 (webtiles) character file.

Game seed: 5772554194046741855

3113 Zeia the Ducker (level 10, -1/75 HPs)
             Began as a Djinni Fire Elementalist on Jan 27, 2024.
             Was an Initiate of Gozag.
             Slain by a yak (6 damage)
             ... on level 8 of the Dungeon.
             The game lasted 00:20:31 (6443 turns).

Zeia the Ducker (Djinni Fire Elementalist)          Turns: 6443, Time: 00:20:31

Health: -1/75      AC:  7    Str: 11    XL:     10   Next: 14%
Gold:   346        EV: 16    Int: 26    God:    Gozag SH:  0 Dex: 17

rFire   + + .        r - +0 long sword of the Establishment {flame, rF+}
rCold   . . .        (no shield)
rNeg    . . .        m - +4 robe of Augmentation {Str+4 Int+4 Dex+4}
rPois   ∞            (no helmet)
rElec   .            q - +0 cloak
rCorr   .            (no gloves)
SInv    .            (boots unavailable)
Will    +....        (no amulet)
Stlth   ++           u - ring of ice
HPRegen 0.32/turn    (no ring)
MPRegen 0.00/turn

%: infuse magic (-2 HP)
@: about to teleport, gold aura, flying
A: sickness immunity, fire resistance 2, cold vulnerability 1, float, innate
caster, HP casting, extra vitality 1
a: Renounce Religion, Potion Petition, Call Merchant, Bribe Branch


You were on level 8 of the Dungeon.
You worshipped Gozag.
Gozag was aware of your devotion.
You visited 2 branches of the dungeon, and saw 9 of its levels.

You collected 490 gold pieces.
You paid 144 gold pieces to Gozag.

Inventory:

Hand Weapons
 f - a +0 short sword of flaming
 r - the +0 long sword of the Establishment (weapon) {flame, rF+}
   (You took it off a hobgoblin on level 4 of the Dungeon)

   rF+:       It protects you from fire.
Armour
 m - the +4 robe of Augmentation (worn) {Str+4 Int+4 Dex+4}
   (You found it on level 2 of the Dungeon)

   Str+4:     It affects your strength (+4).
   Int+4:     It affects your intelligence (+4).
   Dex+4:     It affects your dexterity (+4).
 q - a +0 cloak (worn)
 v - a +0 kite shield
Jewellery
 b - an amulet of faith
 u - a ring of ice (left hand)
 x - a ring of wizardry
Wands
 p - a wand of flame (24)
 t - a wand of mindburst (18)
Scrolls
 h - a scroll of fog
 i - 4 scrolls of teleportation
 j - a scroll of immolation
 n - 2 scrolls of vulnerability
Potions
 c - a potion of resistance
 e - 2 potions of cancellation
 g - a potion of haste
 k - 5 potions of mutation
 l - 3 potions of curing
 s - 2 potions of brilliance
 z - 2 potions of might


   Skills:
 - Level 7.2 Fighting
 - Level 7.4 Dodging
 - Level 1.5 Stealth
 + Level 5.2 Shields
 + Level 6.7 Spellcasting
 + Level 6.7 Conjurations
 + Level 6.7 Hexes
   Level 0.0 Charms
 + Level 6.7 Summonings
 + Level 6.7 Necromancy
 + Level 6.7 Translocations
   Level 0.0 Transmutations
 + Level 6.7 Fire Magic
 + Level 6.7 Ice Magic
 + Level 6.7 Air Magic
 + Level 6.7 Earth Magic
 + Level 6.7 Alchemy


You knew the following spells:

 Your Spells              Type           Power      Damage    Failure   Level
a - Foxfire               Conj/Fire      100%       2x1d9     1%          1
b - Scorch                Fire           86%        2d8       1%          2
c - Volatile Blastmotes   Fire/Tloc      86%        2d17      1%          3
d - Inner Flame           Hex/Fire       43%        N/A       1%          3
e - Flame Wave            Conj/Fire      43%        2d11      4%          4
f - Magic Dart            Conj           100%       1d8       1%          1
g - Jinxbite              Hex            86%        N/A       1%          2
h - Teleport Other        Tloc           43%        N/A       1%          3
i - Summon Lightning Spi  Summ/Air       43%        N/A       4%          4
Your spell library was empty.

Dungeon Overview and Level Annotations

Branches:
Dungeon (8/15)             Temple (1/1) D:7
   Lair: D:8-11

Altars:
Ashenzari
Cheibriados
Dithmenos
Elyvilon
Fedhas
Gozag
Makhleb
Nemelex Xobeh
Okawaru
Qazlal
Ru
Trog
Uskayaw
Wu Jian
Xom
Yredelemnul
The Shining One

Shops:
D:6 :

Annotations:
D:4 Eustachio


Innate Abilities, Weirdness & Mutations

You are immune to sickness and miasma.
You are immune to poison.
Your flesh is very heat resistant. (rF++)
You are vulnerable to cold. (rC-)
You float through the air rather than walking.
You learn spells naturally, not from books.
Your magical power is your life essence.
You have superior vitality. (+4 MHP)


Message History

The yak gores you! The yak barely misses you.
Your Shields skill increases to level 5!
Casting: Flame Wave (dangerous; 4% risk of failure)
Confirm with . or Enter, or press ? or * to list all spells.
Flames lash the yak.
The yak is almost dead.
The yak's fire resistance burns away.
The yak gores you! x2
Unknown command.
Casting: Scorch (safe; 1% risk of failure)
Confirm with . or Enter, or press ? or * to list all spells.
Flames lash the yak.
The yak is moderately wounded.
The yak's fire resistance burns away.
The yak gores you! x2
* * * LOW HITPOINT WARNING * * *
Unknown command.
The yak attacks as it pursues you! The yak gores you!
* * * LOW HITPOINT WARNING * * *
Okay, then.
Okay, then.
Casting: Scorch (safe; 1% risk of failure)
Confirm with . or Enter, or press ? or * to list all spells.
Okay, then.
Unknown command.
Okay, then.
Okay, then.
Okay, then.
You feel better.
The yak is no longer more vulnerable to fire.
The yak gores you!
* * * LOW HITPOINT WARNING * * *
The yak barely misses you.
Okay, then.
Unknown command.
The yak is no longer more vulnerable to fire.
The yak attacks as it pursues you! The yak barely misses you.
As you read the scroll labelled DIKEKH QUDORUI, it crumbles to dust.
You feel strangely unstable.
It was a scroll of teleportation.
The yak misses you. The yak gores you.
You die...
Your body crumbles into a pile of gold.

#### ### ## ..#.
##.##..# .....
#...#..##
.....####.......#
......#........#
.........Y@...#
..#....$.. ....#
#.. .?..... .##.#
#. .!..... .#


You could see 2 yaks.

Vanquished Creatures
  A two-headed ogre (D:7)
  Grinder (D:6)
  Sigmund (D:5)
  3 yaks
  A water moccasin (D:6)
  A sky beast (D:8)
  An ice beast (D:7)
  A centaur (D:6)
  2 ogres
  A phantom (D:4)
  A kobold brigand (D:6)
  Blork the orc (D:4)
  3 scorpions
  5 wights (D:7)
  2 hounds
  2 orc priests (D:5)
  Crazy Yiuf (D:7)
  3 sleepcaps
  An iguana (D:5)
  2 orc wizards
  Terence (D:2)
  Ijyb (D:3)
  8 gnolls
  5 adders
  A shadow imp (D:6)
  5 dart slugs
  12 orcs
  3 ball pythons
  5 bats
  11 endoplasms
  A giant cockroach (D:1)
  4 goblins (D:4)
  13 hobgoblins
  4 jackals (D:1)
  5 quokkas
  2 frilled lizards
  8 kobolds
  5 rats
128 creatures vanquished.

Vanquished Creatures (others)
  45 foxfires
45 creatures vanquished.

Grand Total: 173 creatures vanquished

Notes
Turn   | Place    | Note
-------+----------+-------------------------------------------
     0 | D:1      | Zeia the Djinni Fire Elementalist began the quest for the
                  | Orb.
     0 | D:1      | Zeia set off with the following spells memorised: Foxfire,
                  | Scorch, Volatile Blastmotes, Inner Flame, Flame Wave.
     0 | D:1      | Reached XP level 1. HP: 15/15 MP: 0/0
   149 | D:1      | Found a faded altar of an unknown god.
   229 | D:1      | Reached XP level 2. HP: 21/22 MP: 0/0
   244 | D:1      | Reached skill level 1 in Fighting
   386 | D:1      | Reached XP level 3. HP: 26/27 MP: 0/0
   386 | D:1      | Learned a level 1 spell: Magic Dart
  1091 | D:2      | Noticed Terence
  1098 | D:2      | Killed Terence
  1099 | D:2      | Reached XP level 4. HP: 25/34 MP: 0/0
  1165 | D:2      | Found the +4 robe of Augmentation {Str+4 Int+4 Dex+4}
  1589 | D:3      | Noticed Ijyb
  1681 | D:3      | Killed Ijyb
  1682 | D:3      | Reached XP level 5. HP: 32/40 MP: 0/0
  1682 | D:3      | Learned a level 2 spell: Jinxbite
  2104 | D:3      | Found an ornate altar of the Wu Jian Council.
  2203 | D:4      | Identified the +0 long sword of the Establishment {flame,
                  | rF+}
  2275 | D:4      | Noticed Eustachio
  2355 | D:4      | Reached XP level 6. HP: 43/46 MP: 0/0
  2447 | D:4      | Noticed an ogre
  2462 | D:4      | Killed an ogre
  2464 | D:4      | Reached XP level 7. HP: 35/52 MP: 0/0
  2464 | D:4      | Learned a level 3 spell: Teleport Other
  2645 | D:4      | Noticed Blork the orc
  2654 | D:4      | Killed Blork the orc
  3082 | D:5      | Entered Level 5 of the Dungeon
  3689 | D:5      | Noticed Sigmund
  3705 | D:5      | Killed Sigmund
  3706 | D:5      | Reached skill level 5 in Fighting
  3706 | D:5      | Reached skill level 5 in Spellcasting
  3706 | D:5      | Reached skill level 5 in Conjurations
  3706 | D:5      | Reached skill level 5 in Hexes
  3706 | D:5      | Reached skill level 5 in Summonings
  3706 | D:5      | Reached skill level 5 in Necromancy
  3706 | D:5      | Reached skill level 5 in Translocations
  3706 | D:5      | Reached skill level 5 in Fire Magic
  3706 | D:5      | Reached skill level 5 in Ice Magic
  3706 | D:5      | Reached skill level 5 in Air Magic
  3706 | D:5      | Reached skill level 5 in Earth Magic
  3706 | D:5      | Reached skill level 5 in Alchemy
  3706 | D:5      | Reached XP level 8. HP: 53/59 MP: 0/0
  3853 | D:5      | Found a broken altar of Ashenzari.
  4038 | D:5      | Reached skill level 5 in Dodging
  4469 | D:6      | Found Eseeqac's Book Shoppe.
  4577 | D:6      | Identified the -2 pair of gloves of the Spheres {rElec
                  | Int-4 Dex+4}
  4713 | D:6      | Noticed Grinder
  4720 | D:6      | Paralysed by Grinder for 5 turns
  4727 | D:6      | Killed Grinder
  4848 | D:6      | Reached XP level 9. HP: 60/67 MP: 0/0
  4848 | D:6      | Learned a level 4 spell: Summon Lightning Spire
  5312 | D:7      | Reached skill level 1 in Shields
  5446 | D:7      | Found a staircase to the Ecumenical Temple.
  5456 | Temple   | Entered the Ecumenical Temple
  5484 | Temple   | Became a worshipper of Gozag Ym Sagoz the Greedy
  5516 | D:7      | Found a shimmering altar of Xom.
  5634 | D:7      | Noticed a two-headed ogre
  5639 | D:7      | Killed a two-headed ogre
  5893 | D:7      | Found a runed translucent door.
  5894 | D:7      | Noticed Crazy Yiuf
  6200 | D:7      | Killed Crazy Yiuf
  6289 | D:7      | Reached XP level 10. HP: 29/75 MP: 0/0
  6438 | D:8      | Reached skill level 5 in Shields
  6443 | D:8      | Slain by a yak

Illustrated notes

Levels and vault maps discovered:
D:1:      saegor_arrival_miasma, layout_loops_cross,
          chequers_ecumenical_altar_simple, chequers_serial_rivers_small_b,
          minmay_heptomino_l4
D:2:      layout_rooms, minmay_misc_feat_hallway, uniq_terence
D:3:      layout_rooms, nzn_wu_jian_council_hall, hangedman_feature_mirror,
          uniq_ijyb
D:4:      layout_basic, uniq_blork_the_orc, uniq_eustachio
D:5:      layout_basic, kennysheep_mini, uniq_sigmund
D:6:      layout_rooms, serial_shops, shop, uniq_grinder
D:7:      layout_loops_ring, overflow_temple_1_default,
          minmay_temple_entry_mist, uniq_crazy_yiuf_cottage
D:8:      layout_cave_pools, erik_lair_island, uniq_prince_ribbit1
Temple:   minmay_temple_bridge_d

Skill      XL: |  1  2  3  4  5  6  7  8  9 10 |
---------------+-------------------------------+-----
Fighting       | 1 2 3 4 5 6 7 |  7.2
Spellcasting   | 4 5 6 |  6.7
Conjurations   | 4 5 6 |  6.7
Hexes          | 4 5 6 |  6.7
Summonings     | 4 5 6 |  6.7
Necromancy     | 4 5 6 |  6.7
Translocations | 4 5 6 |  6.7
Fire Magic     | 4 5 6 |  6.7
Ice Magic      | 4 5 6 |  6.7
Air Magic      | 4 5 6 |  6.7
Earth Magic    | 4 5 6 |  6.7
Alchemy        | 4 5 6 |  6.7
Dodging        | 3 4 6 7 |  7.4
Shields        | 4 5 |  5.2
Stealth        | |  1.5

Action                     |  1- 3 |  4- 6 |  7- 9 | 10-12 || total
---------------------------+-------+-------+-------+-------++-------
  Melee: Long sword        |       |       |    10 |       ||    10
   Cast: Foxfire           |    18 |       |    13 |       ||    31
         Scorch            |    16 |    16 |   110 |     2 ||   144
         Magic Dart        |    28 |    92 |    42 |       ||   162
         Flame Wave        |       |       |     1 |     1 ||     2
    Use: Scroll            |       |       |    14 |     1 ||    15
         Potion            |       |       |     1 |     1 ||     2
 Armour: Robe              |     8 |     5 |    30 |    11 ||    54
  Dodge: Dodged            |     8 |     7 |    30 |     7 ||    52
